[Event "Titled Tuesday Blitz April 26 Early 2022"]
[White "Matveeva, Olga"]
[Black "Padmini, Rout"]
[WhiteFideId "24107018"]
[BlackFideId "5029295"]
[WhiteElo "2083"]
[BlackElo "2181"]
[Result "0-1"]
[Round "11"]
[TimeControl "180+1"]
[Date "2022.04.26"]
[WhiteClock "0:00:33"]
[BlackClock "0:00:31"]

1. d4 Nf6 2. c4 e5 3. dxe5 Ng4 4. Nf3 Nc6 5. e3 Bb4+ 6. Bd2 Bxd2+ 7. Nbxd2 Ngxe5 8. Be2 O-O 9. O-O d6 10. Nxe5 dxe5 11. Qc2 Qe7 12. Rfd1 Be6 13. a3 Rad8 14. b4 f5 15. Nb3 b6 16. c5 Qf7 17. Rab1 Rxd1+ 18. Bxd1 b5 19. Be2 a6 20. Nd2 Rd8 21. Nf3 Qf6 22. h3 e4 23. Nh2 Ne5 24. Rd1 Bc4 25. Nf1 Rxd1 26. Qxd1 Nd3 27. Bxd3 exd3 28. Nd2 Qc3 29. Nb1 Qc2 30. Qh5 Qxb1+ 31. Kh2 h6 32. Qxf5 Qb3 33. Qc8+ Kh7 34. Qf5+ Kh8 35. Qc8+ Bg8 36. Qxc7 d2 0-1


[Site "https://www.chess.com"]

[Event "Titled Tuesday Blitz April 26 Early 2022"]
[White "Melikhov, Evgeny V."]
[Black "Fiorito, Fabian"]
[WhiteFideId "4122046"]
[BlackFideId "100200"]
[WhiteElo "1931"]
[BlackElo "2395"]
[Result "0-1"]
[Round "11"]
[TimeControl "180+1"]
[Date "2022.04.26"]
[WhiteClock "0:00:08"]
[BlackClock "0:01:33"]

1. d4 d5 2. c4 e6 3. Nc3 Nf6 4. cxd5 exd5 5. Bg5 c6 6. Qc2 Be7 7. e3 Nbd7 8. Bd3 Nf8 9. Nf3 Ne6 10. Bxf6 Bxf6 11. O-O g6 12. b4 O-O 13. b5 c5 14. dxc5 Nxc5 15. Rab1 Nxd3 16. Qxd3 Bf5 17. Qd2 Bxb1 18. Rxb1 Bxc3 19. Qxc3 Rc8 20. Qd3 Qd6 21. Nd4 Rfd8 22. h4 Qc5 23. h5 Qc3 24. Qe2 Re8 25. Qg4 Qd3 26. Rd1 Qe4 27. Qd7 Rb8 28. h6 Red8 29. Qc7 a6 30. a4 Qg4 31. Rb1 Qd7 32. Qe5 f5 33. b6 Re8 34. Qf6 Qe7 35. Qxe7 Rxe7 36. Rc1 Kf7 37. a5 Rd7 38. Kh2 Kf6 39. Kg3 g5 40. f4 Rg8 41. Kf3 g4+ 42. Ke2 Re7 43. Kd3 Rge8 44. Nc2 Rc8 45. Rd1 Re4 46. Nd4 Rce8 47. Nc2 Ra4 48. Ke2 Rxa5 49. Nd4 Rb5 50. Rc1 Rxb6 51. Rc7 Re7 52. Rxe7 Kxe7 53. Nxf5+ Kf6 54. Nd4 Rb2+ 55. Kd3 a5 56. g3 a4 57. e4 dxe4+ 58. Kxe4 a3 0-1


[Site "https://www.chess.com"]

[Event "Titled Tuesday Blitz April 26 Early 2022"]
[White "Migot, Tangi"]
[Black "Jarocka, Liwia"]
[WhiteFideId "662445"]
[BlackFideId "21807558"]
[WhiteElo "2514"]
[BlackElo "1896"]
[Result "1/2-1/2"]
[Round "11"]
[TimeControl "180+1"]
[Date "2022.04.26"]
[WhiteClock "0:00:46"]
[BlackClock "0:00:40"]

1. e4 c5 2. Nc3 Nc6 3. Bc4 e6 4. d3 Nf6 5. a3 d5 6. Ba2 Be7 7. Nf3 O-O 8. exd5 Nxd5 9. Bd2 Bf6 10. O-O b6 11. Rb1 Bb7 12. Nxd5 exd5 13. b4 cxb4 14. axb4 d4 15. b5 Ne7 16. Bb4 Re8 17. Re1 Ng6 18. Rxe8+ Qxe8 19. Bc4 Qd7 20. Nd2 Nf4 21. Ne4 Re8 22. Bd2 Bxe4 23. Bxf4 Ba8 24. Qf1 h6 25. Re1 Rxe1 26. Qxe1 g5 27. Bg3 Qb7 28. Qe8+ Kg7 29. f3 h5 30. Be5 Bxe5 31. Qxe5+ f6 32. Qxd4 Qe7 33. Kf2 h4 34. Qe3 Kf8 35. Qxe7+ Kxe7 36. g3 hxg3+ 37. hxg3 Kd6 38. d4 Bb7 39. Ke3 Bc8 40. Bd3 Bd7 41. c4 Be8 42. f4 gxf4+ 43. Kxf4 Bd7 44. Bf5 Be8 45. Ke4 Bf7 46. Kd3 Bg8 47. Kc3 Bf7 48. Kb4 Kc7 49. c5 Bd5 50. Bd3 Bh1 51. Bc4 bxc5+ 52. Kxc5 Kd7 53. d5 Kc7 54. Bd3 Bf3 55. Bf5 Be2 56. d6+ Kd8 57. Be4 Kd7 58. Bf5+ Kd8 59. Kb4 Bf1 60. Kc5 Be2 1/2-1/2


[Site "https://www.chess.com"]

[Event "Titled Tuesday Blitz April 26 Early 2022"]
[White "Mirzoev, Azer"]
[Black "Demchenko, Anton"]
[WhiteFideId "13400304"]
[BlackFideId "4160258"]
[WhiteElo "2525"]
[BlackElo "2539"]
[Result "0-1"]
[Round "11"]
[TimeControl "180+1"]
[Date "2022.04.26"]
[WhiteClock "0:00:02"]
[BlackClock "0:00:13"]

1. d4 Nf6 2. Nf3 d6 3. Bf4 g6 4. e3 Bg7 5. h3 O-O 6. Bh2 b6 7. a4 a6 8. Be2 Bb7 9. O-O Nbd7 10. c4 Ne4 11. a5 bxa5 12. Rxa5 c5 13. Ra3 Rb8 14. Nbd2 Ndf6 15. Nxe4 Nxe4 16. Qc2 Qc7 17. Rfa1 f5 18. Rb3 h6 19. Bd3 e6 20. Raa3 g5 21. d5 exd5 22. cxd5 Bxd5 23. Bc4 Bxc4 24. Qxc4+ Qf7 25. Qxf7+ Kxf7 26. Rxb8 Rxb8 27. Rxa6 g4 28. hxg4 fxg4 29. Nh4 Rxb2 30. Bf4 Be5 31. Bxe5 dxe5 32. Nf5 c4 33. Rc6 c3 34. Nxh6+ Ke8 35. f3 g3 36. Kf1 Nd2+ 37. Ke2 Nb3+ 38. Kd3 Rxg2 39. Rxc3 Rb2 40. Rc8+ Kd7 41. Rg8 g2 42. Nf5 Nc1+ 43. Ke4 Ne2 44. Kxe5 g1=Q 45. Rxg1 Nxg1 46. f4 Nf3+ 47. Ke4 Nd2+ 48. Kd3 Nf1 49. e4 Rf2 0-1


[Site "https://www.chess.com"]

[Event "Titled Tuesday Blitz April 26 Early 2022"]
[White "Miszler, Levente"]
[Black "Clawitter, Craig"]
[WhiteFideId "763276"]
[BlackFideId "2023105"]
[WhiteElo "1966"]
[BlackElo "2255"]
[Result "1-0"]
[Round "11"]
[TimeControl "180+1"]
[Date "2022.04.26"]
[WhiteClock "0:00:15"]
[BlackClock "0:00:03"]

1. d4 e6 2. e4 d5 3. e5 c5 4. c3 Qb6 5. Nf3 Nc6 6. Be2 Nh6 7. a3 cxd4 8. cxd4 Nf5 9. O-O Nfxd4 10. Nc3 Nxf3+ 11. Bxf3 Nxe5 12. Bxd5 Bd6 13. Be4 O-O 14. Be3 Qd8 15. Bd4 Nc6 16. Be3 Bc7 17. Qc2 Qh4 18. g3 Qh5 19. Nb5 Qxb5 20. Bxh7+ Kh8 21. Bd3 Qh5 22. b4 Be5 23. Rac1 Nd4 24. Bxd4 Bxd4 25. Qc4 Bf6 26. Qe4 e5 27. Rc7 Bh3 28. Re1 Rad8 29. Be2 Qh7 30. Qxh7+ Kxh7 31. Rxb7 Bf5 32. Bf3 e4 33. Bxe4 Bxe4 34. Rxe4 a5 35. bxa5 Ra8 36. Ra4 Ra6 37. Rb6 Rfa8 38. Rb5 Bd8 39. Rb7 Rxa5 40. Rxa5 Rxa5 41. Rxf7 Rxa3 42. Rd7 Bf6 43. Kg2 Ra2 44. Rd3 Kg6 45. Rf3 Kf7 46. h3 Ke6 47. g4 Bd4 48. Rf5 g6 49. Rf3 g5 50. Kg3 Be5+ 51. Kg2 Bf4 52. h4 Ke5 53. hxg5 Ke4 54. g6 Be5 55. Rf5 Ra6 56. Rg5 Kf4 57. g7 Bxg7 58. Rxg7 Rf6 59. f3 Ke3 60. Re7+ Kd4 61. Re4+ Kd5 62. Kg3 Rf7 63. g5 Rf5 64. Kg4 Rf8 65. Rf4 Rg8 66. Rf6 Ke5 67. f4+ Ke4 68. g6 Ke3 69. Kg5 Kf3 70. f5 Kg3 71. Rf7 Kh3 72. g7 Kg3 73. Kg6 Kg4 74. Rf8 Rxg7+ 75. Kxg7 Kg5 76. f6 Kg4 77. f7 Kg5 78. Rg8 Kg4 79. f8=Q 1-0


[Site "https://www.chess.com"]

[Event "Titled Tuesday Blitz April 26 Early 2022"]
[White "Moiseenko, Alexander"]
[Black "Paravyan, David"]
[WhiteFideId "14102560"]
[BlackFideId "4194985"]
[WhiteElo "2577"]
[BlackElo "2569"]
[Result "1-0"]
[Round "11"]
[TimeControl "180+1"]
[Date "2022.04.26"]
[WhiteClock "0:00:22"]
[BlackClock "0:00:48"]

1. d4 Nf6 2. Bg5 d5 3. Bxf6 gxf6 4. c4 e5 5. e3 Nc6 6. cxd5 Qxd5 7. Nc3 Bb4 8. a3 Bxc3+ 9. bxc3 Rg8 10. Nf3 Be6 11. Qd2 O-O-O 12. c4 Qa5 13. d5 Bg4 14. Be2 b6 15. h3 Bf5 16. Nh4 Be4 17. f3 Bc2 18. Rc1 Ba4 19. Qxa5 Nxa5 20. Kf2 Nb3 21. Rc3 Nc5 22. Nf5 Bd7 23. Ne7+ Kb7 24. Nxg8 Rxg8 25. g4 f5 26. Rg1 Rg6 27. gxf5 Rh6 28. e4 Rxh3 29. Rcc1 Rh6 30. Rh1 Rd6 31. Rxh7 f6 32. Rg1 Ba4 33. Rgg7 Nd7 34. Ke3 Kc8 35. Re7 Bb3 36. Re6 Nc5 37. Rxd6 cxd6 38. Rxa7 Nb7 39. Ra8+ Kc7 40. Rf8 1-0


[Site "https://www.chess.com"]

[Event "Titled Tuesday Blitz April 26 Early 2022"]
[White "Molina, Roberto Junio Brito"]
[Black "Omelja, Artem"]
[WhiteFideId "2109450"]
[BlackFideId "14119846"]
[WhiteElo "2432"]
[BlackElo "2382"]
[Result "1-0"]
[Round "11"]
[TimeControl "180+1"]
[Date "2022.04.26"]
[WhiteClock "0:00:04"]
[BlackClock "0:00:01"]

1. d4 d5 2. c4 c6 3. Nf3 e6 4. b3 Nf6 5. e3 Bb4+ 6. Bd2 Bxd2+ 7. Qxd2 O-O 8. Bd3 Nbd7 9. O-O b6 10. Nc3 Bb7 11. cxd5 exd5 12. b4 Qe7 13. a3 a5 14. Qb2 axb4 15. axb4 b5 16. Nd2 Nb6 17. h3 Rfd8 18. Nf3 Nc4 19. Qb3 Ne4 20. Bxc4 bxc4 21. Qb2 Nxc3 22. Qxc3 Ba6 23. Ra5 Bb5 24. Rfa1 Rxa5 25. bxa5 Ra8 26. Ne1 Qc7 27. Qb4 f6 28. Nf3 Kf7 29. Nd2 Qe7 30. Qc3 Ra6 31. Nb1 Qc7 32. Nd2 Qe7 33. Nf1 Qc7 34. Ng3 Qe7 35. Nf5 Qe6 36. Nh4 Qe7 37. Nf3 Qc7 38. Ne1 Qe7 39. Nc2 Qc7 40. Ra2 Qd8 41. Qa3 Qe7 42. Nb4 Ra8 43. a6 Qd6 44. a7 Qc7 45. Ra1 Ke6 46. Nc2 Qd6 47. Qa5 Kd7 48. Na3 Qc7 49. Nxb5 Qxa5 50. Rxa5 cxb5 51. Rxb5 Kc6 52. Rc5+ Kd6 53. Ra5 c3 54. Kf1 c2 55. Rc5 Rxa7 56. Rxc2 Ra1+ 57. Ke2 Ra7 58. Rb2 Ke6 59. Rb6+ Ke7 60. g4 Ra5 61. h4 Kf7 62. h5 g6 63. Rb7+ Kg8 64. h6 Ra2+ 65. Kf3 Ra5 66. Kf4 Ra2 67. f3 Rh2 68. Rg7+ Kh8 69. Rd7 Rxh6 70. Rxd5 Rh1 71. Rd7 Rd1 72. e4 Kg8 73. d5 Rd3 74. Kg3 Rd2 75. Kh3 Rd3 76. Kg2 Rd2+ 77. Kg3 Rd3 78. Kf4 Rc3 79. Rb7 Rd3 80. g5 fxg5+ 81. Kg4 Rd4 82. Kxg5 Rd3 83. f4 Kh8 84. Kf6 h5 85. Kxg6 Rg3+ 86. Kxh5 Re3 87. Re7 Kg8 88. Re6 Kf8 89. Kg5 Kf7 90. Kf5 Rh3 91. Ke5 Rh5+ 92. f5 Rh3 93. Rf6+ Ke7 94. Rg6 Ra3 95. Rg7+ Kf8 96. Rh7 Ke8 97. Ke6 Kd8 98. d6 Kc8 99. e5 Ra6 100. f6 Ra4 101. Rd7 Rf4 102. Re7 Kd8 103. f7 Kc8 104. Re8+ Kb7 105. f8=N Kc6 106. Ng6 Re4 107. Ne7+ Kb7 108. Rc8 Re1 109. Rc7+ Kb6 110. Rc4 Kb5 111. Rf4 Re2 112. Kd5 Re1 113. Rd4 Rc1 114. d7 Rc5+ 115. Kd6 Rc1 116. d8=N Re1 117. e6 Rh1 118. Nf7 Rf1 119. Ne5 Re1 120. Nd5 Ka5 121. e7 Rc1 122. e8=N Rb1 123. Ke6 Rh1 124. Ndf6 Rh6 125. Ng7 Rh1 126. Nf5 Rc1 127. Nd6 Rc7 128. Nd5 Rh7 129. Rd1 Rh6+ 130. Nf6 Rh4 131. Kd5 Ra4 132. Kc5 Ra2 133. Nec4+ Ka6 134. Rb1 Rh2 135. Nd5 Rh7 136. Kc6 Ka7 137. Ra1+ Kb8 138. Ncb6 Ra7 139. Rg1 Rc7+ 140. Nxc7 Ka7 141. Ra1+ Kb8 142. Ra8# 1-0


[Site "https://www.chess.com"]

[Event "Titled Tuesday Blitz April 26 Early 2022"]
[White "Moroni, Luca Jr"]
[Black "Jobava, Baadur"]
[WhiteFideId "865834"]
[BlackFideId "13601520"]
[WhiteElo "2573"]
[BlackElo "2617"]
[Result "0-1"]
[Round "11"]
[TimeControl "180+1"]
[Date "2022.04.26"]
[WhiteClock "0:00:05"]
[BlackClock "0:01:48"]

1. d4 d5 2. c4 c6 3. Nc3 Nf6 4. Nf3 dxc4 5. e4 b5 6. Be2 Bg4 7. O-O e6 8. b3 b4 9. Na4 c3 10. Ne5 Bxe2 11. Qxe2 Qxd4 12. Nc4 Qxe4 13. Be3 Be7 14. Rad1 O-O 15. Rd4 Qg6 16. Rfd1 Nd5 17. Rg4 Qf5 18. Bd4 g6 19. Ne3 Qh5 20. Nxd5 cxd5 21. Rd3 Nc6 22. Be3 Ne5 23. Rdd4 Nxg4 24. Rxg4 f5 0-1


[Site "https://www.chess.com"]

[Event "Titled Tuesday Blitz April 26 Early 2022"]
[White "Ning, Kaiyu"]
[Black "Przybylski, Wojciech"]
[WhiteFideId "8614750"]
[BlackFideId "1117599"]
[WhiteElo "2013"]
[BlackElo "2133"]
[Result "1-0"]
[Round "11"]
[TimeControl "180+1"]
[Date "2022.04.26"]
[WhiteClock "0:00:06"]
[BlackClock "0:00:03"]

1. d4 d5 2. c4 c6 3. e3 Nf6 4. Nc3 e6 5. Nf3 Nbd7 6. Qc2 Bd6 7. Be2 O-O 8. O-O dxc4 9. Bxc4 b5 10. Be2 Bb7 11. e4 e5 12. dxe5 Nxe5 13. Nh4 Re8 14. Nf5 Bc5 15. Bg5 h6 16. Rad1 hxg5 17. Rxd8 Raxd8 18. Kh1 g6 19. Ne3 Bd4 20. Rd1 a6 21. b4 Bb6 22. a4 Rd4 23. Rxd4 Bxd4 24. axb5 axb5 25. h3 Bb6 26. Ng4 Nfxg4 27. Bxg4 Rd8 28. Be2 f6 29. f3 Kg7 30. Qc1 Rd4 31. Na2 Nd3 32. Bxd3 Rxd3 33. Nc3 Be3 34. Qc2 Rd2 35. Qb1 Bd4 36. Nd1 Be5 37. Qc1 Re2 38. Nc3 Rf2 39. Qe1 Rc2 40. Ne2 Bc8 41. Kg1 Be6 42. g3 Rc4 43. f4 gxf4 44. gxf4 Bd6 45. Qg3 Bxb4 46. f5 Bc5+ 47. Kh2 Bf7 48. Nf4 g5 49. Ne6+ Bxe6 50. fxe6 Rd4 51. Qc7+ Kh6 52. e7 Bd6+ 53. Qxd6 Rxd6 54. e8=Q Rd2+ 55. Kg3 Rd3+ 56. Kg4 Rd1 57. Qh8+ Kg6 58. Qg8+ Kh6 59. Kf5 Rf1+ 60. Ke6 Rd1 61. Kf7 Rd7+ 62. Kxf6 Rd6+ 63. Kf5 g4 64. Qh8# 1-0


[Site "https://www.chess.com"]

[Event "Titled Tuesday Blitz April 26 Early 2022"]
[White "Noboa Silva, Kevin"]
[Black "Pham, Tran Gia Phuc"]
[WhiteFideId "3618471"]
[BlackFideId "12415669"]
[WhiteElo "2172"]
[BlackElo "1789"]
[Result "1-0"]
[Round "11"]
[TimeControl "180+1"]
[Date "2022.04.26"]
[WhiteClock "0:00:03"]
[BlackClock "0:00:11"]

1. e4 c5 2. c3 d5 3. exd5 Qxd5 4. d4 Nf6 5. Nf3 Nc6 6. Be3 Ng4 7. Nbd2 cxd4 8. Bc4 Qd8 9. cxd4 Nxe3 10. fxe3 e6 11. O-O Be7 12. Ne4 O-O 13. a3 a6 14. Bd3 f5 15. Nc3 b6 16. Qc2 Kh8 17. Rad1 Bb7 18. d5 exd5 19. Bxf5 g6 20. Rxd5 Qb8 21. Bxg6 Bc5 22. Bxh7 Bxe3+ 23. Kh1 Nd4 24. Qd3 Bxd5 25. Nxd5 Nxf3 26. gxf3 Bf4 27. Re1 Qd6 28. Re7 Be5 29. Bg8 Qxe7 30. Nxe7 Rxg8 31. Nxg8 Rxg8 32. Qd5 Bxb2 33. a4 Ba3 34. Qh5+ Kg7 35. Kg2 Bc5 36. Kf1 Kf6 37. Qh6+ Rg6 38. Qf4+ Ke6 39. Qe4+ Kf7 40. Qb7+ Kf6 41. Qxa6 Rg1+ 42. Ke2 Rg2+ 43. Kd3 Rxh2 44. Qb7 Ra2 45. Qc6+ Ke7 46. Qe4+ Kf6 47. Qf4+ Kg6 48. Qg4+ Kf6 49. Qh4+ Kg6 50. Qe4+ Kf6 51. f4 Ra3+ 52. Kc2 Re3 53. Qd5 Re2+ 54. Kd3 Re3+ 55. Kc4 Re1 56. Kb5 Rb1+ 57. Kc6 Ra1 58. Qe5+ Kf7 59. f5 Rd1 60. Qe6+ Kf8 61. Kb5 Rb1+ 62. Ka6 Rd1 63. Qf6+ Ke8 64. Qg6+ Kf8 65. f6 Rd7 66. Kb5 Rc7 67. Qg5 Bd4 68. Qh6+ Kf7 69. Qh5+ Kxf6 70. Qh4+ Ke5 71. Qg3+ Kd5 72. Qxc7 1-0


[Site "https://www.chess.com"]

[Event "Titled Tuesday Blitz April 26 Early 2022"]
[White "Okike, David"]
[Black "Khamdamova, Afruza"]
[WhiteFideId "8500134"]
[BlackFideId "14210444"]
[WhiteElo "2232"]
[BlackElo "1660"]
[Result "0-1"]
[Round "11"]
[TimeControl "180+1"]
[Date "2022.04.26"]
[WhiteClock "0:00:50"]
[BlackClock "0:00:09"]

1. e4 e5 2. Nf3 Nf6 3. Nxe5 d6 4. Nf3 Nxe4 5. d4 d5 6. Bd3 Nc6 7. O-O Be7 8. c3 Bg4 9. Nbd2 f5 10. Qb3 Rb8 11. a4 Bxf3 12. Nxf3 O-O 13. Bf4 Kh8 14. Rfe1 Bd6 15. Be5 Bxe5 16. Nxe5 Nxe5 17. dxe5 c5 18. c4 Nd2 19. Qc2 Nxc4 20. b3 Nb6 21. Bxf5 Qh4 22. g3 Qh5 23. Bd3 Qf3 24. Re3 Qf7 25. f4 d4 26. Re2 h6 27. Qxc5 Qxb3 28. Qb5 Qc3 29. Rd1 Rbc8 30. a5 Rc5 31. Qb2 Qxb2 32. Rxb2 Rxa5 33. Rb4 Rd8 34. Rd2 Ra1+ 35. Kf2 Rh1 36. Kg2 Re1 37. Kf2 Re3 38. Rxd4 Rxd4 39. Kxe3 Rd8 40. Rb2 Kg8 41. Rb4 Nd5+ 42. Ke4 Nxb4 43. Bc4+ Kf8 44. f5 Ke7 45. g4 Nc6 46. Bd5 Nb4 47. Bc4 Nc2 48. Bd5 b5 49. h4 b4 50. g5 hxg5 51. hxg5 Rxd5 52. Kxd5 b3 53. f6+ gxf6 54. gxf6+ Kf7 55. Kd6 Nd4 56. Kd5 Ne6 0-1


[Site "https://www.chess.com"]

[Event "Titled Tuesday Blitz April 26 Early 2022"]
[White "Onslow, Alfie"]
[Black "Sharapov, Evgeny"]
[WhiteFideId "436976"]
[BlackFideId "14103133"]
[WhiteElo "1884"]
[BlackElo "2367"]
[Result "0-1"]
[Round "11"]
[TimeControl "180+1"]
[Date "2022.04.26"]
[WhiteClock "0:00:09"]
[BlackClock "0:00:44"]

1. e4 c5 2. Nc3 Nc6 3. Bb5 Nd4 4. Nf3 Nxb5 5. Nxb5 a6 6. Nc3 d6 7. d4 cxd4 8. Qxd4 e5 9. Qd2 Nf6 10. b3 Be7 11. Bb2 O-O 12. O-O-O Be6 13. h3 Rc8 14. g4 b5 15. g5 Nh5 16. Kb1 Qc7 17. Ne2 Rfd8 18. Ng3 Nxg3 19. fxg3 d5 20. Bxe5 Qb7 21. Qf4 dxe4 22. Nd4 Qd5 23. Nf5 Qxd1+ 24. Rxd1 Rxd1+ 25. Kb2 Bxf5 26. Qxf5 Re8 27. Qxe4 Bd6 28. Qc6 Bxe5+ 29. Ka3 Rdd8 30. g4 Re6 31. Qb6 Rxb6 0-1


[Site "https://www.chess.com"]

[Event "Titled Tuesday Blitz April 26 Early 2022"]
[White "Papasimakopoulos, Alexandros"]
[Black "Alekseenko, Kirill"]
[WhiteFideId "4244125"]
[BlackFideId "4135539"]
[WhiteElo "2340"]
[BlackElo "2682"]
[Result "0-1"]
[Round "11"]
[TimeControl "180+1"]
[Date "2022.04.26"]
[WhiteClock "0:00:05"]
[BlackClock "0:00:42"]

1. d4 d5 2. c4 dxc4 3. Nf3 a6 4. e3 Bg4 5. Bxc4 e6 6. Nbd2 Nf6 7. O-O Nc6 8. Be2 Bd6 9. Nc4 O-O 10. b3 Nd5 11. Bb2 f5 12. a3 Nce7 13. Rc1 Nf6 14. h3 Bh5 15. Ng5 Bxe2 16. Qxe2 Qd7 17. Rfd1 Ned5 18. Ne5 Qe8 19. Ngf3 Ne4 20. Nc4 Qh5 21. Rc2 b5 22. Na5 Rf6 23. Ne5 Qxe2 24. Rxe2 Nec3 25. Ree1 Nxd1 26. Rxd1 Bxe5 27. dxe5 Rff8 28. Nc6 Kf7 29. Rc1 a5 30. Kf1 b4 31. a4 Ra6 32. Rc5 Rfa8 33. Ke2 Ke8 34. Nd4 Kd7 35. Nxf5 exf5 36. Rxd5+ Ke6 37. Rc5 c6 38. Bd4 Rd8 39. Kd3 g5 40. g4 Rf8 41. Rc2 h5 42. gxf5+ Rxf5 43. Ke4 c5 44. Bxc5 Rxe5+ 45. Kd3 Rc6 46. Bd4 Rxc2 47. Bxe5 Rxf2 48. Bc7 Rf5 49. Kc4 g4 50. hxg4 hxg4 51. e4 Rf3 52. Bxa5 g3 53. Bb6 Kd7 54. Kxb4 Kc6 55. a5 Rf4 56. Kc3 Rxe4 57. Kd3 Re5 58. b4 g2 59. Kd2 Kb5 60. Bg1 Rf5 61. Ke2 Rf1 62. Bh2 g1=Q 63. Bxg1 Rxg1 0-1


[Site "https://www.chess.com"]

[Event "Titled Tuesday Blitz April 26 Early 2022"]
[White "Pires, Marcos Vinicius Torsani"]
[Black "Barria Zuniga, Daniel"]
[WhiteFideId "2118939"]
[BlackFideId "3400816"]
[WhiteElo "2273"]
[BlackElo "2414"]
[Result "0-1"]
[Round "11"]
[TimeControl "180+1"]
[Date "2022.04.26"]
[WhiteClock "0:00:11"]
[BlackClock "0:00:06"]

1. d4 g6 2. Bf4 Bg7 3. e3 c5 4. c3 Nf6 5. Nd2 O-O 6. Ngf3 d6 7. h3 Nc6 8. dxc5 dxc5 9. Nc4 Nd5 10. Bh2 Be6 11. Be2 b5 12. Nce5 Nxe5 13. Nxe5 Qb6 14. O-O Rad8 15. Qc2 c4 16. a4 a6 17. e4 Ne3 18. fxe3 Qxe3+ 19. Rf2 Rd2 20. Qc1 Rxe2 21. Qxe3 Rxe3 22. axb5 axb5 23. Nc6 Rxe4 24. Nxe7+ Kh8 25. Nc6 Rc8 26. Nb4 Rd8 27. Kf1 h5 28. Re2 Bf5 29. Rae1 Rxe2 30. Rxe2 Bf8 31. Be5+ Kg8 32. Kf2 Bc5+ 33. Kf3 Rd1 34. Bd4 Rxd4 35. cxd4 Bxb4 36. Re8+ Kg7 37. Rb8 Bd7 38. d5 Bc5 39. Rb7 Be8 40. Ke4 Kf8 41. Rb8 Bd6 42. Rb6 Ke7 43. Rb7+ Kf6 44. Rb6 Ke7 45. Rb7+ Kd8 46. g4 hxg4 47. hxg4 Bd7 48. Ra7 Ke7 49. Kd4 f5 50. gxf5 gxf5 51. Ra8 f4 52. Rh8 Kf6 53. Ke4 Bf5+ 54. Kf3 Ke5 55. Re8+ Kxd5 56. Rf8 Be6 57. Rh8 Be5 58. Rd8+ Bd6 59. Rh8 b4 60. Rh2 c3 61. bxc3 bxc3 62. Rc2 Kc4 63. Rc1 Bd5+ 64. Ke2 Bc5 65. Ra1 f3+ 66. Kf1 Bd4 67. Rd1 c2 68. Rc1 Kc3 69. Re1 Kd2 70. Ra1 Bc4# 0-1


[Site "https://www.chess.com"]

[Event "Titled Tuesday Blitz April 26 Early 2022"]
[White "Prieto Aranguren, Alain"]
[Black "Kotepalli, Sai Nirupama"]
[WhiteFideId "2268906"]
[BlackFideId "5039444"]
[WhiteElo "2235"]
[BlackElo "2383"]
[Result "0-1"]
[Round "11"]
[TimeControl "180+1"]
[Date "2022.04.26"]
[WhiteClock "0:00:05"]
[BlackClock "0:00:05"]

1. d4 g6 2. h4 Nf6 3. h5 Nxh5 4. e4 d6 5. Nc3 Bg7 6. Bg5 Nf6 7. e5 Nfd7 8. Nd5 Nc6 9. Bb5 f6 10. exf6 Nxf6 11. Nf4 d5 12. Nf3 Ne4 13. c3 Qd6 14. Nd3 O-O 15. Bxc6 bxc6 16. Nde5 Ba6 17. Bh6 Rf5 18. Bxg7 Kxg7 19. Qc1 g5 20. g4 Rf4 21. Nxg5 Raf8 22. Rxh7+ Kg8 23. Nef7 R8xf7 24. Nxf7 Rxf7 25. Rxf7 Kxf7 26. Qe3 Qh2 27. O-O-O Ke8 28. f3 Nf2 29. Re1 Nd3+ 30. Kd1 Nxb2+ 31. Kc1 Nd3+ 32. Kd1 Nxe1 33. Qxe1 Qxa2 34. Qe6 Qa4+ 35. Kd2 Qa2+ 36. Kd1 Qc4 37. g5 Bb5 38. g6 Qf1+ 39. Kd2 Qd3+ 40. Kc1 Qxc3+ 41. Kd1 Qd3+ 42. Ke1 Qb1+ 43. Kf2 Qf1+ 44. Kg3 Qg1+ 45. Kf4 Qxd4+ 46. Kg5 Qf6+ 47. Qxf6 exf6+ 48. Kxf6 Kf8 49. g7+ Kg8 50. f4 Bd3 51. f5 Bxf5 0-1


[Site "https://www.chess.com"]

[Event "Titled Tuesday Blitz April 26 Early 2022"]
[White "Prohorov, Olexandr"]
[Black "Martin, Lewis"]
[WhiteFideId "14105578"]
[BlackFideId "410551"]
[WhiteElo "1993"]
[BlackElo "2145"]
[Result "1-0"]
[Round "11"]
[TimeControl "180+1"]
[Date "2022.04.26"]
[WhiteClock "0:00:40"]
[BlackClock "0:00:14"]

1. e4 c5 2. c3 d5 3. exd5 Qxd5 4. d4 Nf6 5. Nf3 Bg4 6. Be2 e6 7. h3 Bh5 8. Na3 a6 9. Nc4 Nbd7 10. O-O Be7 11. Ne3 Qc6 12. dxc5 Bxc5 13. b4 Bb6 14. c4 O-O 15. c5 Bc7 16. Bb2 Rad8 17. Qb3 e5 18. Rfd1 Rfe8 19. Rac1 Bxf3 20. Bxf3 e4 21. Be2 Ne5 22. a4 b5 23. cxb6 Qxb6 24. a5 Qb8 25. Ba1 Bxa5 26. Bxe5 Rxe5 27. Nc4 Rb5 28. Nxa5 1-0


[Site "https://www.chess.com"]

[Event "Titled Tuesday Blitz April 26 Early 2022"]
[White "Reprintsev, Alexander"]
[Black "Pourkashiyan, Atousa"]
[WhiteFideId "14100541"]
[BlackFideId "12502014"]
[WhiteElo "2108"]
[BlackElo "2247"]
[Result "1-0"]
[Round "11"]
[TimeControl "180+1"]
[Date "2022.04.26"]
[WhiteClock "0:01:44"]
[BlackClock "0:00:56"]

1. e4 c5 2. b3 Nc6 3. Bb2 e6 4. Qe2 Nf6 5. e5 Nd5 6. Nf3 Be7 7. g3 O-O 8. Bg2 d6 9. exd6 Qxd6 10. Na3 Ndb4 11. O-O Nd4 12. Nxd4 cxd4 13. Nb5 Qd8 14. Nxd4 Bf6 15. Qc4 Nxc2 16. Nc6 Qxd2 17. Bxf6 bxc6 18. Rad1 Qh6 19. Be7 Re8 20. Qxc2 Ba6 21. Ba3 Bxf1 22. Rxf1 Rac8 23. Bc5 e5 24. Bxa7 c5 25. Bxc5 e4 26. b4 e3 27. fxe3 Rxe3 28. Qf5 1-0


[Site "https://www.chess.com"]

[Event "Titled Tuesday Blitz April 26 Early 2022"]
[White "Riehle, Marco"]
[Black "Donchenko, Alexander"]
[WhiteFideId "12904392"]
[BlackFideId "24603295"]
[WhiteElo "2462"]
[BlackElo "2539"]
[Result "1-0"]
[Round "11"]
[TimeControl "180+1"]
[Date "2022.04.26"]
[WhiteClock "0:00:22"]
[BlackClock "0:00:01"]

1. e4 c6 2. c4 d5 3. exd5 cxd5 4. cxd5 Nf6 5. Nc3 Nxd5 6. Nf3 Nc6 7. Bb5 g6 8. Qa4 Qd6 9. Qd4 Nf6 10. Qxd6 exd6 11. d4 a6 12. Bxc6+ bxc6 13. O-O Bg7 14. Re1+ Be6 15. Bf4 Kd7 16. Ng5 Rab8 17. b3 Nd5 18. Nxe6 fxe6 19. Nxd5 cxd5 20. Be3 Rhc8 21. Rec1 e5 22. Kf1 exd4 23. Bf4 d3 24. Rxc8 Rxc8 25. Rc1 Rc2 26. Rxc2 dxc2 27. Bc1 Be5 28. f4 Bd4 29. Ke2 h5 30. Kd3 Bg1 31. h3 Ke6 32. g4 hxg4 33. hxg4 d4 34. Kxc2 Kd5 35. Kd3 Bh2 36. Bd2 Bg3 37. b4 Bh2 38. a4 Bg3 39. f5 gxf5 40. gxf5 Be5 41. Bg5 Kc6 42. f6 d5 43. f7 Bd6 44. Bd2 Kd7 45. Kxd4 Ke6 46. b5 axb5 47. a5 Kxf7 48. a6 Bb8 49. Kxd5 Ke8 50. Kc6 Ba7 51. Kb7 Bd4 52. Bc3 Be3 53. Ba5 b4 54. Bxb4 Kd7 55. Ba5 1-0


[Site "https://www.chess.com"]

[Event "Titled Tuesday Blitz April 26 Early 2022"]
[White "Ronka, Erik"]
[Black "Todorovic, Bojan"]
[WhiteFideId "505080"]
[BlackFideId "917087"]
[WhiteElo "2264"]
[BlackElo "2266"]
[Result "0-1"]
[Round "11"]
[TimeControl "180+1"]
[Date "2022.04.26"]
[WhiteClock "0:00:57"]
[BlackClock "0:00:44"]

1. d4 d5 2. Nf3 Nf6 3. g3 Bf5 4. Bg2 e6 5. c4 c6 6. Qb3 Qb6 7. Nc3 Nbd7 8. c5 Qxb3 9. axb3 a6 10. b4 Rc8 11. h3 h6 12. g4 Bh7 13. Bf4 g5 14. Bg3 Ne4 15. Bh2 Bg7 16. e3 O-O 17. Nd2 f5 18. f3 Nxd2 19. Kxd2 e5 20. Ne2 f4 21. exf4 exf4 22. Bg1 Rfe8 23. Bf2 Nf8 24. h4 Ne6 25. hxg5 hxg5 26. Rhd1 Bg6 27. Kc3 Nc7 28. Re1 Nb5+ 29. Kd2 Kf7 30. Rad1 Rh8 31. Rh1 Ra8 32. Ra1 Rxh1 33. Bxh1 Rh8 34. Bg1 Rxh1 0-1


[Site "https://www.chess.com"]